 Seeded DCSS version 0.30.1 (webtiles) character file.

Game seed: 7229806256980976716 (custom seed)

4 McKennaii the Conjurer (level 1, 7/14 HPs)
             Began as a Demigod Conjurer on July 12, 2023.
             Quit the game on level 1 of the Dungeon.
             The game lasted 00:00:21 (154 turns).

McKennaii the Conjurer (Demigod Conjurer)            Turns: 154, Time: 00:00:22

Health: 7/14       AC:  2    Str:  8    XL:     1   Next: 40%
Magic:  5/5        EV: 12    Int: 20    God:
Gold:   17         SH:  0    Dex: 12    Spells: 2/3 levels left

rFire   . . .        e - +2 Maxwell's thermic engine {flame, freeze, rev}
rCold   . . .        (no shield)
rNeg    . . .        a - +0 robe
rPois   .            (no helmet)
rElec   .            (no cloak)
rCorr   .            (no gloves)
SInv    .            (no boots)
Will    .....        (no amulet)
Stlth   ++           (no ring)
HPRegen 0.22/turn    (no ring)
MPRegen 0.09/turn

%: no passive effects
@: no status effects
A: high MP 1, forlorn, divine attributes
a: no special abilities


You were on level 1 of the Dungeon.
You visited 1 branch of the dungeon, and saw 1 of its levels.

You collected 17 gold pieces.

Inventory:

Hand Weapons
 e - the +2 Maxwell's thermic engine (weapon) {flame, freeze, rev}
   (You acquired it on level 1 of the Dungeon)
Missiles
 c - a throwing net
Armour
 a - a +0 robe (worn)
Scrolls
 d - 2 scrolls of amnesia {unknown}
 f - a scroll of teleportation {unknown}
Potions
 b - a potion of magic


   Skills:
 - Level 1.7 Dodging
 - Level 1.7 Stealth
 + Level 1.9 Spellcasting
 + Level 3.7 Conjurations


You had 2 spell levels left.
You knew the following spells:

 Your Spells              Type           Power      Damage    Failure   Level
a - Magic Dart            Conj           64%        1d6       3%          1

Your spell library contained the following spells:

 Spells                   Type           Power      Damage    Failure   Level
 Searing Ray              Conj           32%        2d5       5%          2
 Dazzling Flash           Conj/Hex       18%        N/A       22%         3
 Fulminant Prism          Conj/Hex       4%         3d5       58%         4
 Iskenderun's Mystic Bla  Conj/Tloc      9%         2d4       58%         4


Dungeon Overview and Level Annotations

Branches:
Dungeon (1/15)


Innate Abilities, Weirdness & Mutations

You have an increased reservoir of magic. (+10% MP)
You shall have no god before yourself.
Your divine heritage dramatically boosts your attributes as you level up.


Message History

The quokka is severely wounded.
A quokka is nearby!
The magic dart hits the quokka.
You kill the quokka!
Key pressed, stopping explore.
You can't see any susceptible monsters within range! (Use Z to cast anyway.)
Found 3 stones.
You can't see any susceptible monsters within range! (Use Z to cast anyway.)
e - 3 scrolls labelled RAGIOR NADERHA You can't see any susceptible monsters within range! (Use Z to cast anyway.) This is a scroll of acquirement!
You see here McKennaii's Vellum of Blows.
Something appears at your feet! Something appears at your feet!
Something appears at your feet!
The engine hums to life!
e - the +2 Maxwell's thermic engine (weapon)
{flame, freeze, rev}
Found a scroll labelled WUBBUN RUOS.
You see here 3 stones.
f - a scroll labelled WUBBUN RUOS A giant cockroach comes into view.
You barely miss the giant cockroach. The giant cockroach bites you. x2
You barely miss the giant cockroach.
The giant cockroach bites you but does no damage.
The giant cockroach closely misses you.
You barely miss the giant cockroach. The giant cockroach bites you.
You closely miss the giant cockroach. The giant cockroach closely misses you.
The giant cockroach misses you.
You hit the giant cockroach. You burn the giant cockroach.
You freeze the giant cockroach.
The giant cockroach is severely wounded.
The giant cockroach bites you but does no damage.
The giant cockroach bites you.
You closely miss the giant cockroach.
The giant cockroach is severely wounded.
The giant cockroach barely misses you. The giant cockroach bites you.
You hit the giant cockroach. You burn the giant cockroach.
You kill the giant cockroach!
You see here a giant cockroach corpse.
Are you sure you want to abandon this character and quit the game? (Confirm with "yes".)

########
##♣..>..
##......
##♣.⌠_⌠.
#####⌠##
#######
..############
.......@.....#
##.#########.#
##### #.#
#.... #.#
#.###
#(#######.#
#........|#
###########


There were no monsters in sight!

Vanquished Creatures
  A giant cockroach (D:1)
  A hobgoblin (D:1)
  A quokka (D:1)
3 creatures vanquished.

Notes
Turn   | Place    | Note
-------+----------+-------------------------------------------
     0 | D:1      | McKennaii the Demigod Conjurer began the quest for the Orb.
     0 | D:1      | Reached XP level 1. HP: 14/14 MP: 5/5
   124 | D:1      | Identified 3 scrolls of acquirement
   124 | D:1      | Acquired McKennaii's Vellum of Blows
   125 | D:1      | Acquired a staff of conjuration
   126 | D:1      | Acquired the +2 Maxwell's thermic engine {flame, freeze,
                  | rev}
   126 | D:1      | Found the +2 Maxwell's thermic engine {flame, freeze, rev}
   154 | D:1      | Quit the game

Illustrated notes

Levels and vault maps discovered:
D:1:      spicycebolla_arrival_ecumenical, layout_loops_ring

Action                     || total
---------------------------++-------
  Melee: Double sword      ||     7
   Cast: Magic Dart        ||     5
    Use: Scroll            ||     3
 Armour: Robe              ||     2
  Dodge: Dodged            ||     4
